 Dungeon Crawl Stone Soup version 0.28.0 (webtiles) character file.

Game seed: 3411496403779328017

7451 pkoi the Destroyer (level 10, -4/70 HPs)
             Began as a Grey Draconian Conjurer on Feb 7, 2022.
             Was a Believer of Sif Muna.
             Slain by a komodo dragon (19 damage)
             ... on level 2 of the Lair of Beasts.
             The game lasted 00:27:10 (14263 turns).

pkoi the Destroyer (Grey Draconian Conjurer)       Turns: 14263, Time: 00:27:11

Health: -4/70      AC: 14    Str:  9    XL:     10   Next: 93%
Magic:  7/16       EV: 12    Int: 23    God:    Sif Muna [**....]
Gold:   864        SH:  0    Dex: 10    Spells: 7/17 levels left

rFire   + . .      SeeInvis +   B - +7 spear of Muskiaq {freeze, Fly SInv}
rCold   . . .      Faith    .   (no shield)
rNeg    . . .      Spirit   .   (armour unavailable)
rPois   .          Reflect  .   (helmet restricted)
rElec   .          Harm     .   (no cloak)
rCorr   +          Rampage  .   o - +0 pair of gloves
Will    .....                   y - +0 pair of boots
Stlth   +++.......              w - amulet of magic regeneration
HPRegen 0.21/turn               e - ring of protection from fire
MPRegen 0.55/turn               z - ring of resist corrosion

@: flying
A: AC +12, amphibious, unfitting armour, cold-blooded
a: Renounce Religion, Channel Magic


You were on level 2 of the Lair of Beasts.
You worshipped Sif Muna.
Sif Muna was pleased with you.
You visited 3 branches of the dungeon, and saw 11 of its levels.

You collected 864 gold pieces.

Inventory:

Hand Weapons
 c - a +0 quarterstaff of venom
 m - a +0 spectral club
 s - a +2 dagger of venom
 B - the +7 spear of Muskiaq (weapon) {freeze, Fly SInv}
   (You found it on level 7 of the Dungeon)

   It freezes those it strikes, dealing additional cold damage.
   It can also slow down cold-blooded creatures.
   SInv:      It lets you see invisible.
   Fly:       It grants you flight.
Missiles
 v - 3 throwing nets
 E - a curare-tipped dart
Armour
 o - a +0 pair of gloves (worn)
 y - a +0 pair of boots (worn)
Magical Staves
 q - a staff of earth
Jewellery
 e - a ring of protection from fire (left hand)
 g - an amulet of regeneration
 w - an amulet of magic regeneration (around neck)
 z - a ring of resist corrosion (right hand)
 F - a ring of ice
Wands
 i - a wand of charming (3)
 l - a wand of iceblast (12)
 t - a wand of flame (18)
Scrolls
 d - 5 scrolls of teleportation
 h - 2 scrolls of identify
 k - a scroll of fog
 p - 2 scrolls of fear
 r - a scroll of amnesia
 u - 2 scrolls of magic mapping
 G - a scroll of blinking
 H - a scroll of enchant armour
Potions
 a - a potion of resistance
 b - 3 potions of might
 f - a potion of invisibility
 j - 2 potions of haste
 n - 4 potions of curing
 D - a potion of heal wounds


   Skills:
 - Level 0.4 Fighting
 - Level 1.8 Dodging
 + Level 6.6 Stealth
 - Level 0.2 Unarmed Combat
 + Level 4.2 Spellcasting
 + Level 9.5 Conjurations
 + Level 6.7 Translocations
 + Level 7.5 Ice Magic
 + Level 7.5 Invocations


You had 7 spell levels left.
You knew the following spells:

 Your Spells              Type           Power      Damage    Failure   Level
a - Magic Dart            Conj           100%       1d8       1%          1
b - Searing Ray           Conj           96%        2d7       1%          2
c - Iskenderun's Mystic   Conj/Tloc      42%        2d10      3%          4
d - Frozen Ramparts       Ice            78%        1d9       1%          3

Your spell library contained the following spells:

 Spells                   Type           Power      Damage    Failure   Level
 Freeze                   Ice            100%       1d11      1%          1
 Hailstorm                Conj/Ice       43%        3d10      3%          4
 Dazzling Flash           Conj/Hex       52%        N/A       4%          3
 Beastly Appendage        Tmut           8%         N/A       11%         1
 Fulminant Prism          Conj/Hex       13%        3d9       14%         4
 Wereblood                Tmut           4%         N/A       16%         2
 Spider Form              Tmut/Pois      4%         N/A       30%         3
 Metabolic Englaciation   Hex/Ice        11%        N/A       52%         5
 Petrify                  Tmut/Erth      4%         N/A       71%         4
 Statue Form              Tmut/Erth      2%         N/A       100%        6


Dungeon Overview and Level Annotations

Branches:
Dungeon (8/15)             Temple (1/1) D:6            Lair (2/6) D:8
  Swamp: Lair:2-4    Shoals: Lair:2-4     Snake: Lair:2-4    Spider: Lair:2-4

Altars:
Ashenzari
Cheibriados
Dithmenos
Elyvilon
Fedhas
Gozag
Hepliaklqana
Kikubaaqudgha
Makhleb
Nemelex Xobeh
Okawaru
Qazlal
Ru
Sif Muna
Trog
Uskayaw
Wu Jian
Xom
Yredelemnul
Zin
The Shining One

Shops:
D:3 ?

Annotations:
D:4 lawman0's ghost, amateur KoWr


Innate Abilities, Weirdness & Mutations

Your dull iron-grey scales are very hard. (AC +12)
You are amphibious.
You cannot fit into any form of body armour.
You are cold-blooded and may be slowed by cold attacks.


Message History

Casting: Searing Ray (safe; 1% risk of failure)
Confirm with . or Enter, or press ? or * to list all spells.
Aiming: Searing Ray (safe; 1% risk of failure)
Press: ? - help, Shift-Dir - straight line, f/p - komodo dragon
Aim: a komodo dragon (heavily wounded, 87% to hit)
The searing ray hits the komodo dragon!
The komodo dragon is heavily wounded. (Press . to maintain the ray.)
The komodo dragon barely misses you.
The searing ray misses the komodo dragon.
The komodo dragon completely misses you.
The searing ray hits the komodo dragon.
The komodo dragon is severely wounded.
The komodo dragon completely misses you.
The searing ray hits the komodo dragon.
The komodo dragon is severely wounded.
You finish channelling your searing ray.
The komodo dragon completely misses you.
Casting: Searing Ray (safe; 1% risk of failure)
Confirm with . or Enter, or press ? or * to list all spells.
Aiming: Searing Ray (safe; 1% risk of failure)
Press: ? - help, Shift-Dir - straight line, f/p - komodo dragon
Aim: a komodo dragon (severely wounded, 87% to hit)
The searing ray misses the komodo dragon. (Press . to maintain the ray.)
The komodo dragon barely misses you.
Unknown command.
The searing ray hits the komodo dragon.
The komodo dragon is severely wounded.
The komodo dragon bites you!!
* * * LOW HITPOINT WARNING * * *
The searing ray hits the komodo dragon!
The komodo dragon is almost dead.
The komodo dragon bites you!
* * * LOW HITPOINT WARNING * * *
The searing ray hits the komodo dragon but does no damage.
The komodo dragon is almost dead.
You finish channelling your searing ray.
The komodo dragon bites you!!
You die...

.(..................... .#
........................
..
........................
..
....<......[..............
.F
.[.S......................
)P
<.....)..................
..
....................##.#
##..
.....##.#####...†l....#
##... ###### ##
####@.....#######....
#........##.....#.
###......#.#†..###
#.......#....##.
#.#.............
##..............
####...........
####...........
#..............


You could see a komodo dragon.

Vanquished Creatures
  A cyclops (D:6)
  3 komodo dragons
  Prince Ribbit (D:5)
  5 blink frogs (Lair:2)
  A shadow (D:6)
  Sigmund (D:2)
  2 wyverns
  3 yaks (Lair:1)
  7 water moccasins
  5 orc warriors (D:8)
  A sky beast (D:8)
  5 black bears
  4 necrophages
  2 ogres
  A phantom (D:4)
  4 bullfrogs
  A kobold brigand (D:8)
  A wyvern zombie (D:8)
  A scorpion (D:6)
  A wyvern skeleton (D:7)
  A water moccasin zombie (D:6)
  A water moccasin skeleton (D:6)
  6 killer bees (D:8)
  A howler monkey (D:8)
  A centaur zombie (D:8)
  3 hounds
  8 orc priests
  2 gnoll shamans
  2 jellies (D:6)
  Ijyb (D:4)
  A bullfrog skeleton (D:6)
  An iguana (D:6)
  5 orc wizards
  9 gnolls
  11 adders
  An ufetubus (D:5)
  2 worms
  3 dart slugs
  32 orcs
  7 ball pythons
  4 bats
  9 endoplasms
  6 giant cockroaches
  13 goblins
  8 hobgoblins
  2 jackals (D:1)
  A frilled lizard (D:2)
  8 kobolds
  11 rats
210 creatures vanquished.

Vanquished Creatures (collateral kills)
  An adder (D:6)
1 creature vanquished.

Vanquished Creatures (others)
  2 fungi (Lair:2)
  10 plants
12 creatures vanquished.

Grand Total: 223 creatures vanquished

Notes
Turn   | Place    | Note
-------+----------+-------------------------------------------
     0 | D:1      | pkoi the Draconian Conjurer began the quest for the Orb.
     0 | D:1      | Reached XP level 1. HP: 14/14 MP: 3/3
   251 | D:1      | Reached XP level 2. HP: 20/20 MP: 0/5
   259 | D:1      | Learned a level 2 spell: Searing Ray
   957 | D:1      | Reached skill level 5 in Conjurations
  1216 | D:2      | Reached XP level 3. HP: 22/26 MP: 0/6
  1651 | D:2      | Reached XP level 4. HP: 14/33 MP: 2/7
  1660 | D:2      | Noticed Sigmund
  1768 | D:3      | Reached skill level 6 in Conjurations
  2576 | D:3      | Found Lumy's Magic Scroll Shop.
  2794 | D:3      | Learned a level 4 spell: Iskenderun's Mystic Blast
  2847 | D:4      | Found a transporter.
  3127 | D:4      | Found a transporter.
  3136 | D:4      | Noticed lawman0's ghost (amateur KoWr)
  3210 | D:4      | Reached XP level 5. HP: 39/39 MP: 5/8
  3456 | D:4      | Noticed a phantom
  3555 | D:4      | Killed a phantom
  3556 | D:4      | Reached skill level 1 in Translocations
  3624 | D:4      | Noticed a necrophage
  3646 | D:4      | Killed a necrophage
  3647 | D:4      | Reached XP level 6. HP: 40/46 MP: 2/9
  3835 | D:4      | Reached skill level 7 in Conjurations
  4054 | D:4      | Noticed Ijyb
  4088 | D:4      | Your scales start taking on a dull iron-grey colour.
  4088 | D:4      | Reached XP level 7. HP: 51/51 MP: 7/11
  4122 | D:4      | Learned a level 3 spell: Frozen Ramparts
  4139 | D:4      | Killed Ijyb
  4639 | D:5      | Entered Level 5 of the Dungeon
  4958 | D:5      | Reached skill level 1 in Ice Magic
  5189 | D:5      | Noticed Prince Ribbit
  5207 | D:5      | Killed Prince Ribbit
  5534 | D:5      | Reached skill level 8 in Conjurations
  5534 | D:5      | Reached XP level 8. HP: 58/58 MP: 3/12
  5937 | D:5      | Reached skill level 5 in Translocations
  6253 | D:6      | Found a staircase to the Ecumenical Temple.
  6259 | Temple   | Entered the Ecumenical Temple
  6345 | Temple   | Became a worshipper of Sif Muna the Loreminder
  6591 | D:6      | Reached skill level 1 in Invocations
  6797 | D:6      | Noticed a cyclops
  6988 | D:2      | Killed Sigmund
  7415 | D:2      | Found an ornate altar of the Wu Jian Council.
  7592 | D:4      | HP: 2/58 [poisoned by a gnoll]
  8928 | D:6      | You fall into a shaft and drop 1 floor!
  9311 | D:7      | Reached XP level 9. HP: 52/63 MP: 6/13
  9622 | D:7      | Identified the +7 spear of Muskiaq {freeze, Fly SInv}
  9731 | D:6      | Reached * piety under Sif Muna
  9943 | D:6      | Reached skill level 9 in Conjurations
 10268 | D:6      | Reached skill level 5 in Ice Magic
 10324 | D:6      | Killed a cyclops
 10325 | D:6      | Reached skill level 5 in Invocations
 11011 | D:8      | Reached skill level 5 in Stealth
 11396 | D:8      | Reached XP level 10. HP: 70/70 MP: 8/14
 11417 | D:8      | Reached ** piety under Sif Muna
 12259 | D:8      | Found a staircase to the Lair.
 12418 | Lair:1   | Entered Level 1 of the Lair of Beasts
 14263 | Lair:2   | Slain by a komodo dragon

Illustrated notes

Levels and vault maps discovered:
D:1:      minmay_arrival_plants_in_alcoves, layout_loops_cross
D:2:      layout_basic, basic_altar, minmay_misc_feat_doors,
          serial_bayou_pond_b, corexii_item_surrounded_by_moat, uniq_sigmund
D:3:      layout_basic, serial_shops, nicolae_shop_crystal
D:4:      kennysheep_the_goblin_king, layout_loops_ring,
          gammafunk_ghost_gnarly_gnolls, minmay_starry_boxes
D:5:      layout_basic, uniq_prince_ribbit1
D:6:      kennysheep_six_static_rooms, layout_cave_pools,
          minmay_temple_entry_statues, kennysheep_opposing_triangles
D:7:      layout_gridville, minmay_misc_feat_hallway,
          nicolae_concentric_dashed_squares_wild
D:8:      minmay_goldmine, layout_basic, david_lair_shrubbed,
          kennysheep_generic_room_16
Temple:   grunt_wide_crystal_templ
Lair:1:   layout_hall_layers, infiniplex_staircase_pool
Lair:2:   layout_hall_layers, serial_bayou_pond_e, grunt_megastairs_4

Skill      XL: |  1  2  3  4  5  6  7  8  9 10 |
---------------+-------------------------------+-----
Conjurations   | 5 6 7 8 9 |  9.5
Translocations | 2 3 4 6 |  6.7
Spellcasting   | 3 4 |  4.2
Ice Magic      | 2 4 6 7 |  7.5
Invocations    | 3 6 7 |  7.5
Stealth        | 2 5 6 |  6.6
Fighting       | |  0.4
Dodging        | |  1.8
Unarmed Combat | |  0.2

Action                   |  1- 3 |  4- 6 |  7- 9 | 10-12 || total
-------------------------+-------+-------+-------+-------++-------
Melee: Club              |    13 |       |       |       ||    13
       Tailslap          |     2 |     1 |    11 |     3 ||    17
       Punch             |     1 |       |     1 |       ||     2
       Quarterstaff      |    19 |    10 |    65 |       ||    94
       Dagger            |       |       |     8 |       ||     8
       Spear             |       |       |    29 |    31 ||    60
 Cast: Magic Dart        |    70 |    84 |   120 |    46 ||   320
       Searing Ray       |     1 |     6 |    37 |    23 ||    67
       Frozen Ramparts   |       |       |    13 |    18 ||    31
  Use: Scroll            |       |     6 |     7 |     5 ||    18
       Potion            |       |       |     7 |       ||     7
 Stab: Sleeping          |       |     1 |       |       ||     1
Armor: Skin              |    21 |    10 |   103 |    29 ||   163
Dodge: Dodged            |    49 |    19 |   180 |    40 ||   288
